 Dungeon Crawl Stone Soup version 0.30.1-11-g7821555f0a (webtiles) character file.

Game seed: 9038973034430097164

1400 Penteweren the Sneak (level 8, 0/51 HPs)
             Began as a Felid Fire Elementalist on Nov 28, 2023.
             Was an Initiate of Gozag.
             Slain by a gnoll
             ... wielding the +7 hand axe of Xafox {flame, Contam Fly MP+9 Int+7}
             ... led by a gnoll sergeant
              (9 damage)
             ... on level 9 of the Dungeon.
             The game lasted 00:28:09 (6740 turns).

Penteweren the Sneak (Felid Fire Elementalist)      Turns: 6740, Time: 00:28:11

Health: 0/51       AC: 24    Str: 10    XL:     8   Next: 41%
Magic:  5/17       EV:  4    Int: 16    God:    Gozag
Gold:   398        SH:  5    Dex: 23    Spells: 2/18 levels left
                                        Lives:  0   Deaths: 2

rFire   . .          .
                       - Unarmed
rCold   . . .        (shield unavailable)
rNeg    . . .        (body armour unavailable)
rPois   +            (helmet unavailable)
rElec   .            (cloak unavailable)
rCorr   .            (gloves unavailable)
SInv    +            (boots unavailable)
Will    ++...        a - amulet "Fexzoun" {Reflect *Slow Will+ Str+2 SH+5 SInv}
Stlth   ++++         k - ring of wizardry
HPRegen 0.28/turn    i - +6 ring of dexterity
MPRegen 0.15/turn

%: slow self (1%), reflection, clarity, wizardry (x1)
@: tree-form, gold aura, attractive
A: stationary, stasis, torment immunity, boosted hp, very small, (claws 1),
(fangs 3), see invisible, (speed 1), (shaggy fur 2), (stealthy paws), no weapons
or thrown items, no armour, multi-lived, clarity, screaming 1
a: Renounce Religion, Potion Petition, Call Merchant, Bribe Branch


You were on level 9 of the Dungeon.
You worshipped Gozag.
Gozag was aware of your devotion.
You were a tree.
You visited 1 branch of the dungeon, and saw 9 of its levels.

You collected 805 gold pieces.
You spent 402 gold pieces at shops.
You paid 5 gold pieces to Gozag.

Inventory:

Jewellery
 a - the amulet "Fexzoun" (around neck) {Reflect *Slow Will+ Str+2 SH+5 SInv}
   (You acquired it on level 4 of the Dungeon)

   [amulet of reflection]

   It reflects blocked missile attacks.
   Str:       It affects your strength (+2).
   SInv:      It lets you see invisible.
   *Slow:     It may slow you when you take damage.
   SH:        It affects your SH (+5).
   Will:      It increases your willpower.
 i - a +6 ring of dexterity (right branch)
 k - a ring of wizardry (left branch)
Wands
 c - a wand of flame (2)
 l - a wand of paralysis (6)
Scrolls
 b - a scroll of vulnerability
 e - a scroll of butterflies
 f - a scroll of enchant weapon
 o - 2 scrolls of identify
 q - a scroll of magic mapping
 r - a scroll of teleportation
Potions
 g - 2 potions of attraction
 h - a potion of might
 j - a potion of curing
 m - a potion of degeneration
 n - 2 potions of flight


   Skills:
 * Level 3.3 Fighting
 * Level 5.2 Dodging
 * Level 5.8 Stealth
 * Level 3.0 Unarmed Combat
 * Level 5.5 Spellcasting
 * Level 2.9 Conjurations
 * Level 4.6 Hexes
 * Level 4.2 Translocations
 * Level 5.6 Fire Magic
 * Level 1.6 Earth Magic
 * Level 2.9 Evocations


You had 2 spell levels left.
You knew the following spells:

 Your Spells              Type           Power      Damage    Failure   Level
a - Foxfire               Conj/Fire      72%        2x1d7     1%          1
b - Scorch                Fire           44%        2d7       1%          2
c - Inner Flame           Hex/Fire       20%        N/A       2%          3
d - Volatile Blastmotes   Fire/Tloc      40%        2d13      2%          3
e - Flame Wave            Conj/Fire      18%        2d7       10%         4
f - Stone Arrow           Conj/Erth      22%        3d8       7%          3

Your spell library contained the following spells:

 Spells                   Type           Power      Damage    Failure   Level
 Sandblast                Erth           18%        2d7       3%          1
 Passwall                 Tmut/Erth      5%         N/A       6%          2


Dungeon Overview and Level Annotations

Branches:
Dungeon (9/15)
 Temple: D:4-7         Lair: D:8-11         Orc: D:9-12

Altars:
Cheibriados
Dithmenos
Gozag
Qazlal
Zin

Shops:
D:4 ???*

Annotations:
D:9 Gastronok


Innate Abilities, Weirdness & Mutations

You are a tree.
Your roots penetrate the ground, keeping you stationary.
You cannot be teleported.
You are immune to unholy pain and torment.
Your maximum health is greatly increased.
((You have sharp claws.))
((You have razor-sharp teeth.))
You have supernaturally acute eyesight. (SInv)
((You cover ground quickly. (Speed+)))
((You are covered in thick fur. (AC +2)))
((Your paws help you pounce on unaware monsters.))
You are incapable of wielding weapons or throwing items.
You cannot wear armour.
You gain extra lives every three experience levels.
You possess an exceptional clarity of mind.
You occasionally shout uncontrollably at your foes.


Message History

* * * LOW HITPOINT WARNING * * *
You smack the wight!
You destroy the wight!
The gnoll hits you but does no damage. You block the gnoll sergeant's attack.
The wight barely misses you. The centaur barely misses you.
The centaur kicks you.
* * * LOW HITPOINT WARNING * * *
The gnoll sergeant is attracted toward you.
You feel better. You block the centaur's attack. x2
The gnoll hits you but does no damage. The wight hits you with a +0 dagger.
* * * LOW HITPOINT WARNING * * *
The centaur hits you but does no damage.
The centaur completely misses you. The gnoll is attracted toward you.
Unknown command.
You hit the gnoll sergeant.
The gnoll sergeant is almost dead.
The gnoll sergeant hits you but does no damage.
You block the wight's attack. The gnoll hits you but does no damage.
The gnoll barely misses you. You block the centaur's attack.
The centaur barely misses you.
Gastronok's eyestalks stretch out, then return to normal size.
You feel better.
The centaur hits you but does no damage.
The centaur kicks you but does no damage.
The gnoll hits you but does no damage.
The gnoll sergeant hits you but does no damage.
The wight hits you but does no damage.
The gnoll hits you with the +7 hand axe of Xafox {flame, Contam Fly MP+9 Int+7}.
* * * LOW HITPOINT WARNING * * *
The gnoll burns you.
* * * LOW HITPOINT WARNING * * *
You block the centaur's attack. The centaur barely misses you.
Unknown command.
You hit the gnoll sergeant.
The gnoll sergeant is almost dead.
The gnoll sergeant hits you but does no damage.
The wight hits you but does no damage.
The gnoll hits you with the +7 hand axe of Xafox {flame, Contam Fly MP+9 Int+7}!
You die...
Your body crumbles into a pile of gold.

#...#####........>.
#....###...........
.#####.....#........)...
...........................
...........................
...........................
#......................<...
#........gz.....$$..cg....
#.......♣g$.....$..#g....
#......cw§.......###....
##......g.......#####...
##..............###....
##....#####.....#.....
##...# #........... ##..#
#........... ####
#.w.......$. .........#


You could see Gastronok, a gnoll sergeant, a centaur, a wight and 2 gnolls.

Vanquished Creatures
  Pikel (D:8)
  Prince Ribbit (D:8)
  Grum (D:8)
  Edmund (D:5)
  Duvessa (D:4)
  2 black bears
  A sky beast (D:5)
  2 wolves (D:8)
  A lemure (D:8)
  A centaur (D:9)
  A bullfrog (D:9)
  A scorpion (D:5)
  2 wights (D:9)
  Dowan (D:4)
  A howler monkey (D:9)
  2 orc priests (D:8)
  A gnoll bouda (D:4)
  2 hounds
  A jelly (D:5)
  Jessica (D:2)
  3 iguanas
  3 orc wizards
  5 gnolls
  9 adders
  A white imp (D:4)
  A worm (D:3)
  3 dart slugs (D:4)
  10 orcs
  7 bats
  5 endoplasms
  6 giant cockroaches
  14 goblins
  5 hobgoblins
  4 jackals (D:2)
  6 kobolds
  6 quokkas
  10 ball pythons
  3 frilled lizards
  4 rats
130 creatures vanquished.

Vanquished Creatures (others)
  A wight (D:9)
  80 foxfires
81 creatures vanquished.

Grand Total: 211 creatures vanquished

Notes
Turn   | Place    | Note
-------+----------+-------------------------------------------
     0 | D:1      | Penteweren the Felid Fire Elementalist began the quest for
                  | the Orb.
     0 | D:1      | Reached XP level 1. HP: 7/7 MP: 4/4
   142 | D:1      | Reached XP level 2. HP: 8/11 MP: 0/6
   145 | D:1      | Learned a level 2 spell: Scorch
   333 | D:2      | Reached skill level 1 in Conjurations
   594 | D:2      | Found an opulent altar of Gozag.
   674 | D:2      | Reached XP level 3. HP: 12/14 MP: 5/7
   692 | D:2      | Became a worshipper of Gozag Ym Sagoz the Greedy
   739 | D:2      | Learned a level 3 spell: Inner Flame
   870 | D:3      | Reached skill level 1 in Unarmed Combat
  1076 | D:3      | Reached XP level 4. HP: 18/18 MP: 2/8
  1164 | D:4      | Found Tuyco's Assorted Antiques.
  1167 | D:4      | Bought a fizzy orange potion for 19 gold pieces
  1167 | D:4      | Bought a potion of curing for 66 gold pieces
  1167 | D:4      | Bought a scroll labelled JIELOQ TUENEHU for 22 gold pieces
  1513 | D:4      | Found a shadowy altar of Dithmenos.
  1543 | D:4      | Found a snail-covered altar of Cheibriados.
  1585 | D:4      | Identified a scroll of acquirement
  1586 | D:4      | Acquired the amulet "Fexzoun" {Reflect *Slow Will+ Str+2
                  | SH+5 SInv}
  1668 | D:4      | Reached skill level 1 in Hexes
  1669 | D:4      | Noticed Duvessa
  1738 | D:3      | Reached skill level 1 in Fighting
  1829 | D:4      | Bought a scroll labelled YDUPUZX MOARGH for 22 gold pieces
  1843 | D:4      | Reached XP level 5. HP: 13/22 MP: 3/10
  1878 | D:5      | Entered Level 5 of the Dungeon
  1878 | D:5      | Noticed a sky beast
  1884 | D:5      | Gained mutation: Your mind is acute. (Int +4, Str/Dex -1)
                  | [potion of mutation]
  1884 | D:5      | Gained mutation: You have a pair of small horns on your
                  | head. [potion of mutation]
  1895 | D:5      | Slain by a sky beast
  1896 | D:5      | Reached XP level 4. HP: -3/19 MP: 0/9
  1913 | D:5      | Learned a level 3 spell: Volatile Blastmotes
  1914 | D:5      | Noticed a scorpion
  1920 | D:5      | Noticed a black bear
  1924 | D:5      | Killed a scorpion
  1925 | D:5      | Reached XP level 5. HP: 13/22 MP: 0/10
  1939 | D:5      | Killed a black bear
  1940 | D:5      | Reached skill level 1 in Translocations
  2313 | D:5      | Gained mutation: You are covered in thick fur. (AC +2)
                  | [Felid growth]
  2313 | D:5      | Reached XP level 6. HP: 23/25 MP: 9/12
  2470 | D:5      | Killed a sky beast
  2471 | D:5      | Reached skill level 1 in Evocations
  2701 | D:5      | Found a stormy altar of Qazlal.
  2703 | D:5      | Noticed an air elemental
  2703 | D:5      | Noticed a water elemental
  2703 | D:5      | Noticed a fire elemental
  2705 | D:5      | Noticed Edmund
  2727 | D:5      | Killed Edmund
  2728 | D:5      | Reached XP level 7. HP: 19/29 MP: 0/13
  2830 | D:5      | Learned a level 4 spell: Flame Wave
  3075 | D:4      | Found a glowing silver altar of Zin.
  3082 | D:4      | Found the +3 crown of Dyrovepreva {rElec Int+2 SInv}
  3126 | D:4      | Noticed Dowan
  3137 | D:4      | Killed Duvessa
  3151 | D:4      | Killed Dowan
  3952 | D:4      | Found Fyufosek's Magic Scroll Shoppe.
  3954 | D:4      | Found Qoixkal's Magic Scroll Shoppe.
  3963 | D:4      | Found Usemaem's Magic Scroll Shoppe.
  3969 | D:4      | Bought a scroll of identify for 28 gold pieces
  3969 | D:4      | Bought a scroll of fear for 56 gold pieces
  3969 | D:4      | Bought a scroll of identify for 28 gold pieces
  3969 | D:4      | Bought a scroll of identify for 28 gold pieces
  3969 | D:4      | Bought a scroll of magic mapping for 105 gold pieces
  3969 | D:4      | Bought a scroll of identify for 28 gold pieces
  3973 | D:4      | Lost mutation: Your mind is acute. (Int +4, Str/Dex -1)
                  | [potion of mutation]
  3973 | D:4      | Lost mutation: You have a pair of small horns on your head.
                  | [potion of mutation]
  3973 | D:4      | Gained mutation: You occasionally shout uncontrollably at
                  | your foes. [potion of mutation]
  3973 | D:4      | Gained mutation: You possess an exceptional clarity of
                  | mind. [potion of mutation]
  5315 | D:2      | Noticed Jessica
  5322 | D:2      | Killed Jessica
  5667 | D:1      | Reached XP level 8. HP: 30/34 MP: 10/15
  6066 | D:1      | Learned a level 3 spell: Stone Arrow
  6285 | D:8      | Noticed Grum
  6294 | D:8      | Reached skill level 5 in Fire Magic
  6396 | D:8      | Noticed Pikel
  6403 | D:8      | Noticed Prince Ribbit
  6407 | D:8      | Killed Grum
  6412 | D:8      | Killed Pikel
  6413 | D:8      | Reached skill level 5 in Stealth
  6413 | D:8      | Reached skill level 5 in Spellcasting
  6413 | D:8      | Reached skill level 1 in Earth Magic
  6428 | D:8      | Killed Prince Ribbit
  6429 | D:8      | Reached skill level 5 in Dodging
  6429 | D:8      | Reached XP level 9. HP: 36/37 MP: 1/17
  6668 | D:9      | Noticed Gastronok
  6674 | D:9      | Killed from afar by Gastronok
  6675 | D:9      | Reached XP level 8. HP: -7/32 MP: 12/16
  6718 | D:9      | Identified the +7 hand axe of Xafox {flame, Contam Fly MP+9
                  | Int+7}
  6740 | D:9      | Slain by a gnoll

Illustrated notes

Levels and vault maps discovered:
D:1:      dpeg_arrival_court, layout_rooms
D:2:      layout_basic, basic_altar, serial_rivers,
          chequers_serial_rivers_room_a, chequers_serial_rivers_small_b,
          chequers_serial_rivers_micro_e, chequers_serial_rivers_large_a,
          chequers_serial_rivers_micro_b, chequers_serial_rivers_large_b,
          minmay_between, uniq_jessica
D:3:      minmay_recursive_quarters, layout_basic
D:4:      minmay_thinvault, layout_rooms, mainiacjoe_overflow_large_starburst,
          mainiacjoe_overflow_boulevard, serial_shops,
          nicolae_shop_real_fake_doors, nicolae_shop_distant_corner_stores,
          uniq_duvessa
D:5:      layout_gridville, nicolae_qazlal_style_of_elements,
          minmay_stone_trees_small, uniq_edmund
D:6:      layout_loops_cross, serial_shops, shop, uniq_blork_the_orc,
          uniq_grinder
D:7:      layout_loops_cross, minmay_temple_entry_slanted, minmay_microvault
D:8:      layout_loops_cross, gammafunk_ghost_spectres, nicolae_blasting_shop,
          hangedman_abyss_or_decor_stabs, kennysheep_diamond, uniq_psyche,
          uniq_prince_ribbit1, uniq_pikel, uniq_maurice, uniq_grum
D:9:      layout_big_octagon, uniq_gastronok

Skill      XL: |  1  2  3  4  5  6  7  8 |
---------------+-------------------------+-----
Fire Magic     | 3 4 5 |  5.6
Conjurations   | 1 2 |  2.9
Unarmed Combat | 1 2 3 |  3.0
Dodging        | 3 4 5 |  5.2
Stealth        | 3 4 5 |  5.8
Hexes          | 1 2 3 4 |  4.6
Fighting       | 1 2 3 |  3.3
Spellcasting   | 3 4 5 |  5.5
Translocations | 1 2 4 |  4.2
Evocations     | 1 2 |  2.9
Earth Magic    | 1 |  1.6

Action                     |  1- 3 |  4- 6 |  7- 9 || total
---------------------------+-------+-------+-------++-------
  Melee: Unarmed           |    30 |    29 |    34 ||    93
         Punch             |     1 |     3 |       ||     4
         Bite              |       |     3 |     3 ||     6
         Headbutt          |       |       |     3 ||     3
   Cast: Foxfire           |    16 |    20 |    10 ||    46
         Scorch            |    27 |    38 |    38 ||   103
         Inner Flame       |       |     1 |       ||     1
         Flame Wave        |       |       |    10 ||    10
         Stone Arrow       |       |       |     6 ||     6
  Evoke: Wand              |       |     8 |    11 ||    19
    Use: Scroll            |     3 |     8 |     8 ||    19
         Potion            |     5 |     7 |     8 ||    20
   Stab: Sleeping          |     2 |     1 |     8 ||    11
         Distracted        |     1 |       |       ||     1
         Paralysed         |       |       |     4 ||     4
 Armour: Skin              |     8 |       |    30 ||    38
  Dodge: Dodged            |    68 |    55 |    98 ||   221
  Block: Other             |       |     4 |    36 ||    40
         Reflection        |       |       |     1 ||     1
